Map: Blackpink LE

Players

Cammelot - Winner!

  • Race: Zerg Zerg
  • League: Master
  • Spawn Location: 1:00

BankOfGhana

  • Race: Terran Terran
  • League: Master
  • Spawn Location: 7:00

VOD

Have the link to the VOD?

Description

Time

  • Played on: Dec. 8, 2017, 12:32 p.m.
  • Length: 12:33
Show
View Real Time Build Order
Export as new Build Order

Cammelot Zerg - Winner!

Build Orders: Hatch First 

Get SALT Encoding   

  12  0:01  Drone  
  13  0:16  Overlord  
  13  0:19  Drone  
  14  0:34  Drone x2  
  16  0:39  Drone  
  17  0:53  Hatchery  
  16  0:57  Drone  
  16  1:01  Drone  
  18  1:05  Extractor  
  17  1:17  Spawning Pool  
  16  1:19  Drone  
  16  1:23  Drone  
  18  1:32  Drone  
  19  1:42  Overlord  
  19  1:54  Drone  
  20  2:04  Queen  
  20  2:05  Queen  
  20  2:06  Zergling x4  
  26  2:11  Metabolic Boost  
  26  2:19  Drone x2  
  28  2:36  Hatchery  
  27  2:39  Drone  
  29  2:44  Drone x2  
  31  2:51  Drone x3  
  31  2:57  Overlord  
  33  3:20  Drone x7  
  33  3:21  Drone x2  
  40  3:29  Overlord x2  
  40  3:38  Evolution Chamber x2  
  40  3:40  Drone x2  
  40  3:45  Queen  
  42  3:49  Queen  
  42  3:51  Queen  
  46  3:56  Drone x2  
  46  3:57  Drone  
  46  3:59  Drone  
  50  4:04  Drone x3  
  50  4:09  Zerg Ground Armor Level 1  
  53  4:13  Drone x2  
  55  4:22  Zerg Melee Weapons Level 1, Queen  
  57  4:27  Zergling x10  
  57  4:30  Zergling x4  
  64  4:33  Zergling x4  
  64  4:37  Overlord  
  66  4:39  Overlord  
  66  4:52  Overlord  
  66  5:02  Zergling x16  
  66  5:03  Zergling x10  
  79  5:14  Drone x3  
  79  5:15  Drone x4  
  79  5:16  Lair  
  79  5:20  Extractor x2  
  84  5:21  Extractor  
  84  5:27  Drone x2  
  84  5:28  Drone  
  86  5:32  Drone x4  
  86  5:33  Overlord  
  86  5:34  Overlord  
  88  5:44  Drone x2  
  90  5:57  Drone x2  
  90  5:58  Drone x2  
  90  6:01  Drone x5  
  98  6:06  Drone  
  98  6:07  Baneling Nest, Overlord x3  
  98  6:09  Drone x3  
  98  6:11  Hatchery  
  100  6:12  Extractor  
  99  6:23  Extractor  
  99  6:24  Zergling x12  
  104  6:36  Hatchery  
  104  6:39  Zergling x2  
  104  6:40  Zergling x10  
  104  6:43  Drone x4  
  110  6:47  Zerg Melee Weapons Level 2, Zerg Ground Armor Level 2  
  110  6:51  Overlord, Drone  
  110  6:52  Hydralisk Den, Zergling x6  
  110  6:53  Centrifical Hooks  
  113  6:55  Baneling x3  
  113  7:03  Overlord x2  
  113  7:04  Zergling x4  
  113  7:08  Queen  
  115  7:10  Overlord  
  115  7:11  Overlord  
  117  7:22  Baneling x3  
  109  7:37  Zergling x2  
  109  7:38  Zergling x16  
  115  7:47  Baneling x2  
  115  7:48  Baneling, Overlord x2  
  115  7:52  Queen  
  115  7:56  Hatchery  
  116  7:59  Overlord, Drone x2  
  116  8:00  Hydralisk x6  
  116  8:01  Hydralisk x2, Spore Crawler  
  116  8:02  Zergling x2  
  116  8:03  Spore Crawler  
  116  8:04  Spore Crawler  
  132  8:08  Baneling  
  132  8:12  Baneling  
  132  8:13  Baneling x4  
  132  8:17  Hydralisk x2  
  132  8:18  Zergling x2  
  132  8:19  Zergling x10  
  141  8:29  Overlord x2  
  141  8:32  Overlord x2  
  141  8:33  Muscular Augments  
  141  8:38  Hydralisk x3  
  141  8:39  Zergling x2  
  141  8:40  Zergling x4  
  145  8:54  Baneling  
  145  8:55  Baneling x3  
  142  8:56  Hydralisk x2  
  142  8:57  Hydralisk, Zergling x2  
  142  8:58  Zergling x14  
  156  9:04  Infestation Pit  
  156  9:05  Overlord  
  155  9:10  Overseer  
  152  9:28  Hydralisk x2, Zergling x2  
  152  9:29  Zergling x22  
  168  9:37  Hydralisk x2  
  167  9:38  Zergling x2  
  167  9:39  Zergling x8  
  167  9:42  Hive  
  171  9:55  Drone x4  
  171  9:56  Drone x3  
  171  9:58  Drone x2, Extractor  
  179  10:00  Drone  
  179  10:02  Hatchery  
  179  10:04  Baneling x8  
  179  10:05  Baneling  
  179  10:22  Zerg Missile Weapons Level 1  
  179  10:31  Spore Crawler  
  179  10:32  Spore Crawler x2  
  179  10:34  Overlord  
  176  10:37  Baneling  
  176  10:38  Baneling x13  
  175  10:56  Baneling  
  175  10:57  Hydralisk x3, Baneling x14  
  174  10:58  Zergling x2  
  174  10:59  Zergling x36  
  174  11:03  Baneling x7  
  163  11:27  Hydralisk x3  
  163  11:28  Zergling x12  
  163  11:29  Zergling x14  
  180  11:37  Hydralisk x2  
  180  11:38  Zergling x4  
  180  11:39  Zergling x2  
  186  11:41  Baneling x3  
  186  11:42  Baneling x2  
  185  11:50  Baneling  
  185  11:51  Baneling  
  174  12:06  Hydralisk x2  
  174  12:07  Zergling x18  
  166  12:29  Ultralisk Cavern  
Show
View Real Time Build Order
Export as new Build Order

BankOfGhana Terran 

Build Orders: Reaper Expand, MMM Bio 

Get SALT Encoding   

  12  0:01  SCV  
  13  0:13  SCV  
  14  0:17  Supply Depot  
  14  0:25  SCV  
  15  0:39  SCV  
  15  0:41  Barracks  
  16  0:45  Refinery  
  16  0:51  SCV  
  17  1:03  SCV  
  18  1:15  SCV  
  19  1:27  Orbital Command  
  19  1:29  Reaper  
  20  1:40  Command Center  
  20  1:49  Barracks  
  20  1:54  SCV  
  21  2:02  Supply Depot  
  21  2:03  Barracks Reactor  
  21  2:09  SCV  
  21  2:11  Refinery  
  22  2:21  SCV  
  23  2:26  Factory  
  23  2:33  SCV  
  23  2:36  Barracks Tech Lab  
  24  2:39  Marine  
  24  2:40  Marine  
  26  2:45  SCV  
  27  2:53  Orbital Command  
  27  2:56  Marine  
  27  2:57  SCV  
  29  2:59  Stimpack  
  29  3:01  Marine  
  29  3:21  Marine  
  29  3:22  SCV  
  29  3:24  Marine x2  
  32  3:30  Starport, SCV  
  32  3:31  Factory Reactor  
  33  3:34  SCV  
  33  3:39  Marine  
  35  3:42  Marine x2, SCV  
  35  3:46  SCV  
  39  3:54  SCV  
  40  3:56  Marine  
  40  3:58  SCV  
  40  3:59  Supply Depot  
  40  4:00  Marine x2  
  44  4:03  Supply Depot  
  44  4:06  SCV  
  45  4:11  SCV  
  46  4:20  Marine x3, Medivac x2  
  46  4:21  SCV  
  46  4:23  Supply Depot  
  54  4:25  SCV  
  54  4:30  Engineering Bay  
  55  4:32  Engineering Bay  
  55  4:36  SCV  
  55  4:38  Marine x3, SCV  
  60  4:45  Supply Depot  
  60  4:49  SCV  
  61  4:55  Command Center  
  61  5:02  Terran Infantry Armor Level 1, Terran Infantry Weapons Level 1, SCV  
  61  5:03  SCV  
  63  5:08  Marine x3  
  63  5:09  Combat Shields  
  63  5:13  Supply Depot  
  66  5:15  SCV  
  66  5:18  SCV  
  68  5:25  Marine  
  68  5:26  Marine  
  68  5:27  Marine  
  68  5:28  SCV  
  71  5:43  Marine x2, SCV  
  71  5:46  Barracks  
  71  5:47  Barracks  
  71  5:48  Supply Depot  
  71  5:49  Barracks  
  74  5:50  Supply Depot, SCV  
  74  5:56  Refinery x2  
  75  5:59  Medivac x2  
  75  6:00  Marine  
  75  6:01  SCV  
  75  6:03  SCV  
  82  6:09  Orbital Command  
  82  6:18  Supply Depot, SCV  
  83  6:22  Marine x2  
  85  6:26  Barracks  
  85  6:28  Barracks  
  85  6:31  Orbital Command  
  85  6:37  Barracks Reactor  
  85  6:38  Barracks Reactor x2  
  85  6:39  SCV  
  86  6:43  Marine  
  86  6:44  Armory  
  85  6:52  Marine x2  
  87  6:55  Factory Tech Lab  
  87  6:56  Factory Reactor, SCV  
  87  6:57  Barracks  
  87  7:00  SCV x2  
  90  7:07  Marine  
  91  7:09  SCV  
  91  7:12  SCV  
  91  7:13  Bunker, SCV  
  94  7:19  Barracks Tech Lab, Marine x3  
  94  7:20  Barracks Tech Lab  
  97  7:24  Marine x3  
  100  7:36  Marine  
  100  7:37  Marine, Medivac x2, Widow Mine x2  
  101  7:48  Marine x2  
  102  7:54  Marine x2  
  102  7:55  Barracks Tech Lab  
  102  7:56  Terran Infantry Weapons Level 2, Terran Infantry Armor Level 2  
  104  8:03  Marine x2  
  104  8:04  Marauder  
  108  8:06  Command Center  
  108  8:08  Marine  
  108  8:09  Marine x2, Widow Mine x2, Marauder  
  117  8:19  Marine x2  
  119  8:23  Supply Depot  
  119  8:24  Supply Depot, Marine  
  119  8:25  Supply Depot, Marauder  
  122  8:34  Marine  
  122  8:35  Marauder  
  122  8:38  Marine  
  117  8:41  Marine x3  
  117  8:42  Marauder  
  117  8:44  Marine x4  
  117  8:47  Marine  
  125  8:50  Supply Depot  
  125  8:51  Supply Depot  
  125  8:52  Marine  
  125  8:53  Supply Depot  
  125  9:01  Marine x2  
  125  9:02  Marine, Marauder  
  130  9:03  Marine x2, Marauder x2  
  130  9:06  Marauder  
  138  9:12  Marine x3  
  140  9:23  Marauder  
  140  9:24  Marauder  
  140  9:25  Marauder  
  132  9:42  Marine x6, Widow Mine x2, Marauder  
  132  9:45  Marauder  
  135  9:46  Marine, Marauder  
  135  9:52  Command Center  
  136  10:00  Marine  
  136  10:01  Marine x2, Marauder  
  136  10:02  Marine  
  136  10:04  Marauder  
  144  10:09  Sensor Tower  
  144  10:22  Sensor Tower  
  144  10:25  Marine  
  144  10:26  Marine x2, Marauder x4  
  153  10:29  Medivac x2, Widow Mine  
  153  10:31  Reaper  
  158  10:41  Marine  
  158  10:42  Marine, Planetary Fortress  
  160  10:43  Marine  
  160  10:47  Marauder  
  163  10:56  Marine x2  
  165  10:57  Marauder x2  
  165  11:13  Marine x2  
  165  11:14  Marauder  
  122  11:18  Marine  
  122  11:19  Marine x3, Marauder x3  
  122  11:20  SCV x2  
  116  11:29  Marine x2  
  118  11:35  Marauder  
  118  11:36  Marine x2  
  118  11:37  SCV  
  120  11:40  Marauder  
  120  11:41  Marauder x2  
  120  11:46  Marine x2  
  129  11:56  Marauder  
  129  12:02  Marauder  
  125  12:12  Marine x3  
  125  12:13  Marine x2  
Tags
 
Add a new tag
Caveats
  • Supply blocks, unpowered buildings, or Contaminate may cause inaccurate times.
  • Supply counts are checked every 10 seconds.